 Dungeon Crawl Stone Soup version 0.16.2-12-gd0ad4c3 (webtiles) character file.

37 arclof the Skirmisher (level 3, 0/24 HPs)
             Began as a Kobold Warper on Sept 16, 2015.
             Killed from afar by Natasha (9 damage)
             ... with a magic dart
             ... on level 3 of the Dungeon.
             The game lasted 00:09:26 (1640 turns).

arclof the Skirmisher (Kobold Warper)               Turns: 1640, Time: 00:09:26

Health: 0/24       AC:  3    Str:  9    XL:     3   Next: 60%
Magic:  6/6        EV: 14    Int: 11    God:
Gold:   67         SH:  0    Dex: 16    Spells: 1 memorised, 5 levels left

rFire  + . .     SeeInvis .     a - +0 short sword
rCold  x . .     Clarity  .     b - +0 leather armour
rNeg   . . .     SustAb   .     (no shield)
rPois  .         Gourm    .     (no helmet)
rElec  .         Spirit   .     (no cloak)
rCorr  .         Warding  .     (no gloves)
rMut   .         Stasis   .     (no boots)
MR     .....                    (no amulet)
Stlth  ++........               (no ring)
                                o - ring of fire

@: not resistant to hostile enchantments, unstealthy
A: carnivore 3
a: no special abilities


You were on level 3 of the Dungeon.
You were very full.

You visited 1 branch of the dungeon, and saw 3 of its levels.

You collected 67 gold pieces.

Inventory:

Hand weapons
 a - a +0 short sword (weapon)
Missiles
 e - 5 tomahawks of dispersal (quivered)
 h - 71 stones
Armour
 b - a +0 leather armour (worn)
Jewellery
 o - a ring of fire (left hand)
Scrolls
 d - a scroll of blinking
 j - a scroll of remove curse
 m - a scroll of random uselessness {unknown}
Potions
 i - a potion of curing
 k - a potion of haste {unknown}
 l - a potion of cure mutation
Books
 c - a book of Spatial Translocations

   Spells                             Type                      Level
   a - Apportation                    Translocation                1
   b - Blink                          Translocation                2
   c - Shroud of Golubria             Charms/Translocation         2
   d - Portal Projectile              Translocation                3
   e - Teleport Other                 Translocation                3
   f - Passage of Golubria            Translocation                4
Comestibles
 f - a meat ration
 g - a slice of pizza


   Skills:
 + Level 3.9 Fighting
 - Level 2.6 Short Blades
 - Level 1.3 Throwing
 - Level 0.7 Armour
 - Level 2.4 Dodging
 + Level 1.1 Stealth
 - Level 2.0 Spellcasting
 - Level 3.0 Translocations


You had 5 spell levels left.
You knew the following spells:

 Your Spells              Type           Power        Failure   Level  Hunger
a - Apportation           Tloc           #.........   12%         1    ##.....


Dungeon Overview and Level Annotations

Branches:
Dungeon (3/15)

Altars:

Annotations:
D:3 Natasha


Innate Abilities, Weirdness & Mutations

You are small and have problems with some larger weapons.
You are carnivorous and can eat meat at any time.


Message History

Natasha, Servant of Life and Death comes into view.
Natasha hisses angrily.
Natasha wildly gestures.
You feel disoriented.
You closely miss Natasha. Natasha claws you.
You barely miss Natasha. Natasha barely misses you.
You closely miss Natasha.
Natasha mumbles some strange words.
You feel disoriented. Natasha claws you.
You barely miss Natasha. Natasha claws you but does no damage.
You hit Natasha but do no damage. Natasha claws you.
You hit Natasha.
Natasha is moderately wounded.
Natasha claws you.
You closely miss Natasha.
Natasha is moderately wounded.
Natasha stares at you and mumbles some strange words.
The magic dart hits you!
You die...

### ### #..
...##.#### ##
#......#....
##........#.#
#.......#.#.###.#
#...#...#........
##.##...#.......# #
......=h@...#.#####.#
###.#..##.###.......#
#. ...####.....## ..
###....).....# #.
#.####.....# # ...
#.....# #.# #######
#.# ..#


You could see Natasha.

Vanquished Creatures
  A giant gecko (D:2)
  An orc (D:2)
  6 bats
  A giant cockroach (D:1)
  3 goblins
  8 hobgoblins
  A quokka (D:2)
  5 kobolds
  6 rats
32 creatures vanquished.

Notes
Turn   | Place    | Note
--------------------------------------------------------------
     0 | D:1      | arclof, the Kobold Warper, began the quest for the Orb.
     0 | D:1      | Reached XP level 1. HP: 12/12 MP: 3/3
   380 | D:1      | Reached XP level 2. HP: 9/18 MP: 4/4
  1114 | D:2      | Reached XP level 3. HP: 20/23 MP: 6/6
  1404 | D:2      | Reached skill level 1 in Stealth
  1624 | D:2      | You fall through a shaft!
  1630 | D:3      | Noticed Natasha
  1640 | D:3      | Killed from afar by Natasha

Action                   || total
-------------------------++-------
Melee: Short sword       ||   115
  Use: Scroll            ||     3
       Potion            ||     2
  Eat: Chunk             ||     9
